 Dungeon Sprint DCSS version 0.21-a0-59-g7b0e191 (webtiles) character file.

494 Kidiri the Ruffian (level 6, -10/67 HPs)
             Began as a Troll Monk on June 16, 2017.
             Was a Priest of Uskayaw.
             Mangled by a two-headed ogre
             ... wielding a +0 giant spiked club
              (13 damage)
             ... in the Dungeon (Sprint IX: "|||||||||||||||||||||||||||||").
             The game lasted 00:02:07 (207 turns).

Kidiri the Ruffian (Troll Monk)                      Turns: 207, Time: 00:02:07

Health: -10/67     AC:  7    Str: 23    XL:     6   Next: 92%
Magic:  4/7        EV: 13    Int:  6    God:    Uskayaw [***...]
Gold:   0          SH:  0    Dex: 14    Spells: 5/5 levels left

rFire    . . .     SeeInvis .     - Unarmed
rCold    . . .     Gourm    +   (no shield)
rNeg     . . .     Faith    .   a - +0 robe
rPois    .         Spirit   .   (helmet restricted)
rElec    .         Reflect  .   (no cloak)
rCorr    .         Harm     .   (gloves unavailable)
MR       .....     NoTele   +   (boots unavailable)
Stlth    +++.......             (no amulet)
HPRegen  0.61/turn              n - +2 ring of protection
MPRegen  0.10/turn              o - +3 ring of strength

@: no status effects
A: unfitting armour, claws 3, fast metabolism 3, gourmand, regeneration 1,
shaggy fur 1, tough skin 2
a: Stomp, Line Pass, Renounce Religion


You were in the Dungeon.
You worshipped Uskayaw.
Uskayaw was noncommittal.
You were full.

You visited 1 branch

Inventory:

Armour
 a - a +0 robe (worn)
Jewellery
 n - a +2 ring of protection (left claw)
 o - a +3 ring of strength (right claw)
Wands
 m - a wand of lightning (7/15)
Scrolls
 h - 2 scrolls of blinking
 k - 3 scrolls of remove curse
 l - 2 scrolls of amnesia
Potions
 c - 5 potions of curing
 d - 3 potions of heal wounds
 e - a potion of haste
 f - 4 potions of magic
 g - a potion of berserk rage
 j - a potion of invisibility
Comestibles
 b - 2 bread rations


   Skills:
 * Level 6.1 Fighting
 + Level 3.7 Armour
 * Level 6.0 Dodging
 * Level 4.3 Stealth
 * Level 7.4 Unarmed Combat
 + Level 3.5 Invocations


You had 5 spell levels left.
You didn't know any spells.

Dungeon Overview and Level Annotations

Branches:
Dungeon (1/1)

Altars:
Cheibriados
Dithmenos
Elyvilon
Fedhas
Gozag
Hepliaklqana
Kikubaaqudgha
Makhleb
Nemelex Xobeh
Okawaru
Qazlal
Ru
Sif Muna
Trog
Uskayaw
Vehumet
Wu Jian
Xom
Yredelemnul
Zin
The Shining One
Beogh
Jiyva
Lugonu


Innate Abilities, Weirdness & Mutations

You are too large for most types of armour.
You have claws for hands.
Your metabolism is lightning-fast.
You like to eat raw meat.
Your natural rate of healing is unusually fast.
You are covered in fur. (AC +1)
You have very tough skin. (AC +2)


Message History

* * * LOW HITPOINT WARNING * * *
The troll claws you!
* * * LOW HITPOINT WARNING * * *
The troll claws you.
* * * LOW HITPOINT WARNING * * *
You claw the troll!
You kill the troll!
Your Fighting skill increases to level 6!
Your Dodging skill increases to level 6!
Your Stealth skill increases to level 4!
Your Unarmed Combat skill increases to level 7!
Your Invocations skill increases to level 3!
The bat zombie is no longer paralysed.
Uskayaw will force your foes to share their pain.
Uskayaw links your audience in an emotional bond!
You stomp with the beat, sending a shockwave through the revelers around you!
The two-headed ogre is moderately wounded.
You feel somewhat less full.
The two-headed ogre hits you with a giant spiked club!
You die...

▓.▓
▓.▓
▓.▓
▓J▓
▓u▓
▓Z▓
▓O▓
▓@▓
▓.▓
▓.▓
▓.▓
▓)▓
▓)▓
▓'▓
▓.▓
▓.▓


You could see a white ugly thing, a two-headed ogre, a jelly and a bat zombie.

Vanquished Creatures
  A troll (D)
  An orc warrior (D)
  A bullfrog (D)
  A crimson imp (D)
  An iguana (D)
  2 worker ants (D)
  An adder (D)
  An orc (D)
  A bat zombie (D)
  A goblin (D)
  A hobgoblin (D)
  2 kobolds (D)
  2 frilled lizards (D)
  A quokka skeleton (D)
  A quokka zombie (D)
18 creatures vanquished.

Notes
Turn   | Place    | Note
-------+----------+-------------------------------------------
     0 | D        | Kidiri the Troll Monk began the quest for the Orb.
     0 | D        | Reached XP level 1. HP: 22/22 MP: 0/0
    24 | D        | Noticed a worker ant
    36 | D        | Killed a worker ant
    36 | D        | Reached skill level 1 in Armour
    36 | D        | Reached skill level 4 in Unarmed Combat
    36 | D        | Reached XP level 2. HP: 20/31 MP: 1/1
    36 | D        | Reached XP level 3. HP: 24/37 MP: 2/2
    53 | D        | Found a roughly hewn altar of Beogh.
    53 | D        | Found a snail-covered altar of Cheibriados.
    53 | D        | Found a shadowy altar of Dithmenos.
    53 | D        | Found a white marble altar of Elyvilon.
    53 | D        | Found a blossoming altar of Fedhas.
    53 | D        | Found an opulent altar of Gozag.
    54 | D        | Found a hazy altar of Hepliaklqana.
    55 | D        | Found a viscous altar of Jiyva.
    56 | D        | Found an ancient bone altar of Kikubaaqudgha.
    57 | D        | Found a corrupted altar of Lugonu.
    58 | D        | Found a burning altar of Makhleb.
    59 | D        | Found a sparkling altar of Nemelex Xobeh.
    60 | D        | Found an iron altar of Okawaru.
    61 | D        | Found a stormy altar of Qazlal.
    64 | D        | Found a sacrificial altar of Ru.
    65 | D        | Found a deep blue altar of Sif Muna.
    66 | D        | Found a bloodstained altar of Trog.
    67 | D        | Found a hide-covered altar of Uskayaw.
    68 | D        | Found a radiant altar of Vehumet.
    69 | D        | Found an ornate altar of the Wu Jian Council.
    70 | D        | Found a shimmering altar of Xom.
    71 | D        | Found a basalt altar of Yredelemnul.
    72 | D        | Found a glowing silver altar of Zin.
    73 | D        | Found a glowing golden altar of the Shining One.
    77 | D        | Became a worshipper of Uskayaw the Reveler
    77 | D        | Reached * piety under Uskayaw
   102 | D        | Noticed an orc warrior
   102 | D        | Noticed a bullfrog
   110 | D        | Reached ** piety under Uskayaw
   115 | D        | Reached *** piety under Uskayaw
   116 | D        | Reached XP level 4. HP: 32/48 MP: 3/3
   117 | D        | Reached skill level 5 in Unarmed Combat
   117 | D        | Reached skill level 1 in Invocations
   117 | D        | Reached **** piety under Uskayaw
   119 | D        | Killed a bullfrog
   119 | D        | Reached XP level 5. HP: 39/55 MP: 3/5
   119 | D        | Reached ***** piety under Uskayaw
   122 | D        | Killed an orc warrior
   122 | D        | Reached skill level 5 in Fighting
   122 | D        | Reached skill level 5 in Dodging
   122 | D        | Reached skill level 6 in Unarmed Combat
   193 | D        | Noticed a white ugly thing
   193 | D        | Noticed a two-headed ogre
   193 | D        | Noticed a troll
   196 | D        | Reached XP level 6. HP: 53/66 MP: 7/7
   205 | D        | HP: 1/66 [troll (6)]
   206 | D        | Killed a troll
   206 | D        | Reached skill level 7 in Unarmed Combat
   207 | D        | Mangled by a two-headed ogre

Vault maps used:
D:        linesprint

Skill      XL: |  1  2  3  4  5  6 |
---------------+-------------------+-----
Fighting       | 3 4 5 6 |  6.1
Armour         | 1 2 3 |  3.7
Dodging        | 3 4 5 6 |  6.0
Stealth        | 2 3 4 |  4.3
Unarmed Combat | 4 5 6 7 |  7.4
Invocations    | 2 3 |  3.5

Action                   |  1- 3 |  4- 6 || total
-------------------------+-------+-------++-------
Melee: Unarmed           |    41 |    17 ||    58
       Punch             |     2 |       ||     2
Invok: Stomp             |       |     2 ||     2
 Stab: Paralysed         |     1 |     1 ||     2
  Eat: Chunk             |       |     5 ||     5
Armor: Robe              |     8 |     8 ||    16
Dodge: Dodged            |    13 |    14 ||    27
